 Dungeon Crawl Stone Soup version 0.30.0-15-g856e2d3f33 (webtiles) character file.

Game seed: 11827048382512902671

51 qw the Chopper (level 3, 0/23 HPs)
             Began as a Gargoyle Fighter on May 20, 2023.
             Slain by Sigmund
             ... wielding a +0 scythe
              (6 damage)
             ... on level 2 of the Dungeon.
             The game lasted 00:00:33 (1415 turns).

qw the Chopper (Gargoyle Fighter)                   Turns: 1415, Time: 00:00:34

Health: 0/23       AC: 12    Str: 21    XL:     3   Next: 81%
Magic:  3/3        EV:  7    Int:  8    God:
Gold:   74         SH:  4    Dex:  9    Spells: 2/2 levels left

rFire   . . .        Y - +0 war axe
rCold   . . .        c - +0 buckler
rNeg    + . .        f - +0 chain mail
rPois   inf          (no helmet)
rElec   +            (no cloak)
rCorr   .            (no gloves)
SInv    .            (no boots)
Will    .....        (no amulet) Stlth
                     (no ring)
HPRegen 0.23/turn    (no ring)
MPRegen 0.08/turn

%: no passive effects
@: no status effects
A: sickness immunity, AC +3, negative energy resistance 1, electricity
resistance, torment resistance 1, petrification resistance
a: no special abilities


You were on level 2 of the Dungeon.
You visited 1 branch of the dungeon, and saw 2 of its levels.

You collected 74 gold pieces.


Innate Abilities, Weirdness & Mutations

You are immune to sickness and miasma.
Your stone body is resilient. (AC +3)
You are immune to poison.
You resist negative energy. (rN+)
You are resistant to electric shocks. (rElec)
You are resistant to unholy torment.
You are immune to petrification.


   Skills:
 - Level 3.2 Fighting
 + Level 3.4 Axes
 - Level 1.0 Throwing
 - Level 3.2 Armour
 - Level 3.2 Shields


You had 2 spell levels left.
You didn't know any spells.
Your spell library was empty.

Inventory:

Hand Weapons
 h - a +0 mace
 Y - a +0 war axe (weapon)
Missiles
 i - 4 javelins (quivered)
Armour
 b - a +2 pair of boots
 c - a +0 buckler (worn)
 f - a +0 chain mail (worn)
Scrolls
 a - a scroll of amnesia {unknown}
Potions
 d - a potion of might
 e - a potion of haste {unknown}
 g - a potion of attraction {unknown}
 j - a potion of curing {unknown}

Dungeon Overview and Level Annotations

Branches:
Dungeon (2/15)

Altars:

Annotations:
D:2 Sigmund


Message History

You slash the quokka!
You kill the quokka!
i - 4 javelins (gained 1) Sigmund the Dreaded comes into view.
He is wielding a +0 scythe.
Sigmund shouts!
You hear an angry hiss.
Sigmund casts a spell at you.
The magic dart hits you but does no damage.
Sigmund laughs darkly.
You block Sigmund's attack.
You barely miss Sigmund.
A ball python comes into view.
Sigmund hits you but does no damage.
The ball python hisses angrily.
You hit Sigmund.
Sigmund is lightly wounded.
You closely miss Sigmund.
Sigmund is lightly wounded.
Sigmund hits you with a +0 scythe.
You slash Sigmund!
Sigmund is heavily wounded.
Sigmund points at you and mumbles some strange words.
The magic dart hits you. The ball python barely misses you.
The ball python grabs you. The ball python constricts you.
Sigmund hits you with a +0 scythe!
You slash the ball python!
You kill the ball python!
You completely miss Sigmund. Sigmund casts a spell at you.
The magic dart hits you but does no damage.
Your Throwing skill increases to level 1!
You hit Sigmund.
Sigmund is severely wounded.
Sigmund gestures wildly while chanting.
Sigmund flickers and vanishes!
Deactivating autopickup; reactivate with Ctrl-A.
You barely miss something. Something hits you.
You miss something. Something hits you.
You die...

#.# #. #. ####
#.# .. #.# ...#
#.# ## ..##
#..###.# ...
#...##.#
#.#####....#
##.##...#...####
......{.#..##
#.@...# #######


There were no monsters in sight!

Vanquished Creatures
  A gnoll (D:1)
  An adder (D:2)
  A dart slug (D:1)
  7 ball pythons
  A bat (D:1)
  2 endoplasms
  A giant cockroach (D:1)
  3 goblins (D:1)
  6 quokkas
  2 frilled lizards
  2 kobolds
  A rat (D:1)
28 creatures vanquished.

Notes
Turn   | Place    | Note
-------+----------+-------------------------------------------
     0 | D:1      | qw the Gargoyle Fighter began the quest for the Orb.
     0 | D:1      | Reached XP level 1. HP: 14/14 MP: 1/1
     0 | D:1      | 0 ||| qw: Version: 0.2-a-97-g6b18286
     0 | D:1      | 0 ||| qw: Game counter: 12
     0 | D:1      | 0 ||| qw: Always use a shield: true
     0 | D:1      | 0 ||| qw: God list: Okawaru
     0 | D:1      | 0 ||| qw: Allow faded altars: false
     0 | D:1      | 0 ||| qw: Do Orc after D:15 true
     0 | D:1      | 0 ||| qw: Do second Lair branch before Depths: true
     0 | D:1      | 0 ||| qw: Lair rune preference: random
     0 | D:1      | 0 ||| qw: Plans: Normal, Zot:1-4, God:TSO, Crypt, Tomb,
                  | Pan, Slime:5, Hells, Abyss, Win
     0 | D:1      | 0 ||| PLANNING D:1-11
   129 | D:1      | 129 ||| DROPPING +0 club.
   138 | D:1      | Reached XP level 2. HP: 19/19 MP: 2/2
   472 | D:1      | 472 ||| Stepping ~*~*~tactically~*~*~ (hiding).
   478 | D:1      | Reached skill level 3 in Axes
   478 | D:1      | Reached XP level 3. HP: 23/23 MP: 3/3
   668 | D:1      | 668 ||| Stepping ~*~*~tactically~*~*~ (hiding).
  1078 | D:1      | 1078 ||| UPGRADING to +0 chain mail.
  1088 | D:1      | 1088 ||| DROPPING +0 scale mail.
  1089 | D:1      | 1089 ||| READING scroll labelled WUIBER HYPYPUA.
  1090 | D:1      | 1090 ||| READING scroll labelled DAR PUSSOHI.
  1405 | D:2      | Noticed Sigmund
  1413 | D:2      | Reached skill level 1 in Throwing
  1415 | D:2      | Slain by Sigmund

Levels and vault maps discovered:
D:1:      dpeg_arrival_rhombus, layout_basic, roderic_lattice_a, minivault_14,
          minmay_fountain_box
D:2:      layout_loops_corners, uniq_sigmund, uniq_robin

Skill      XL: |  1  2  3 |
---------------+----------+-----
Axes           | 2 3 |  3.4
Throwing       | 1 |  1.0
Fighting       | |  3.2
Armour         | |  3.2
Shields        | |  3.2

Action                     || total
---------------------------++-------
  Melee: War axe           ||    89
  Throw: Javelin           ||     3
    Use: Scroll            ||     2
 Armour: Scale mail        ||    39
         Chain mail        ||     5
  Dodge: Dodged            ||    32
  Block: Buckler           ||    13

Table legend:
 A = Non-vault XP
 B = Vault XP
 C = Vault XP percentage of total XP
 D = Non-vault monster count
 E = Vault monster count
 F = Vault count percentage of total count
                 A         B        C        D         E       F
            +---------+---------+-------+---------+---------+-------
      Total |      73 |       0 |   0.0 |      28 |       0 |   0.0
            +---------+---------+-------+---------+---------+-------
        D:1 |      52 |       0 |   0.0 |      22 |       0 |   0.0
        D:2 |      21 |       0 |   0.0 |       6 |       0 |   0.0
            +---------+---------+-------+---------+---------+-------
